 Dungeon Crawl Stone Soup version 0.29.1-15-g9cfb28693d (webtiles) character file.

Game seed: 15327420231634593924

99 nightchill the Shield-Bearer (level 4, -9/29 HPs)
             Began as a Gargoyle Fighter on Mar 15, 2023.
             Mangled by a gnoll
             ... wielding a +0 halberd
              (11 damage)
             ... on level 3 of the Dungeon.
             The game lasted 00:03:35 (1750 turns).

nightchill the Shield-Bearer (Gargoyle Fighter)     Turns: 1750, Time: 00:03:36

Health: -9/29      AC: 13    Str: 19    XL:     4   Next: 72%
Magic:  4/4        EV:  9    Int: 11    God:
Gold:   75         SH:  4    Dex:  9    Spells: 3/3 levels left

rFire   . . .      SeeInvis .   a - +0 flail
rCold   . . .      Faith    .   c - +0 buckler
rNeg    + . .      Spirit   .   b - +0 scale mail
rPois   ∞          Reflect  .   (no helmet)
rElec   +          Harm     .   o - +2 cloak
rCorr   .          Rampage  .   (no gloves)
Will    .....                   (no boots)
Stlth   ..........              (no amulet)
HPRegen 0.09/turn               (no ring)
MPRegen 0.09/turn               (no ring)

@: no status effects
A: sickness immunity, AC +3, negative energy resistance 1, electricity
resistance, torment resistance 1, petrification resistance
a: no special abilities


You were on level 3 of the Dungeon.
You visited 1 branch of the dungeon, and saw 3 of its levels.

You collected 75 gold pieces.

Inventory:

Hand Weapons
 a - a +0 flail (weapon)
Armour
 b - a +0 scale mail (worn)
 c - a +0 buckler (worn)
 n - a +0 cloak
 o - a +2 cloak (worn)
Magical Staves
 j - a staff of earth
Wands
 d - a wand of iceblast (4)
Scrolls
 e - a scroll of blinking {unknown}
 g - a scroll of immolation {unknown}
 i - a scroll of identify {unknown}
 k - a scroll of summoning {unknown}
 m - 2 scrolls of teleportation {unknown}


   Skills:
 + Level 4.0 Fighting
 * Level 2.9 Maces & Flails
 - Level 4.0 Armour
 - Level 4.1 Shields


You had 3 spell levels left.
You didn't know any spells.
Your spell library contained the following spells:

 Spells                   Type           Power      Damage    Failure   Level
 Conjure Flame            Conj/Fire      0%         6-21      99%         3
 Ignite Poison            Fire/Tmut/Pois 0%         N/A       99%         3
 Sticky Flame             Conj/Fire      0%         2d3       100%        4


Dungeon Overview and Level Annotations

Branches:
Dungeon (3/15)

Altars:


Innate Abilities, Weirdness & Mutations

You are immune to sickness and miasma.
Your stone body is resilient. (AC +3)
You are immune to poison.
You resist negative energy. (rN+)
You are resistant to electric shocks. (rElec)
You are resistant to unholy torment.
You are immune to petrification.


Message History

You open the door.
There is an open door here.
You now have 75 gold pieces (gained 6).
You hear the brisk rusting of a distant drain.
An adder and a gnoll come into view.
Found 15 gold pieces.
The adder hisses angrily.
The gnoll shouts!
A gnoll comes into view. It is wielding a +0 club.
A hobgoblin comes into view.
The gnoll shouts!
The hobgoblin shouts!
The adder bites you but does no damage. The gnoll barely misses you.
You block the adder's attack. The adder bites you but does no damage.
The gnoll closely misses you. The adder bites you.
A gnoll comes into view. It is wielding a +0 whip.
The adder closely misses you.
The gnoll shouts!
You block the adder's attack. You block the adder's attack.
The gnoll hits you from afar with a +0 halberd.
The hobgoblin misses you. The adder bites you but does no damage.
The gnoll barely misses you. The gnoll hits you but does no damage.
The hobgoblin closely misses you. The adder bites you but does no damage.
The gnoll closely misses you.
The gnoll hits you from afar with a +0 halberd.
The hobgoblin hits you but does no damage.
The adder bites you but does no damage. The adder bites you but does no damage.
The gnoll barely misses you.
The gnoll hits you from afar with a +0 halberd!
* * * LOW HITPOINT WARNING * * *
You block the hobgoblin's attack. The adder bites you but does no damage.
You block the hobgoblin's attack.
The gnoll hits you from afar with a +0 halberd.
* * * LOW HITPOINT WARNING * * *
The adder closely misses you. You block the gnoll's attack.
The hobgoblin hits you but does no damage.
The gnoll hits you from afar with a +0 halberd!
You die...

...............#
...............#
.............(.#
#..............#
#.##############
#.########### ##########
............. .........
..###.... ..####.gg.....
..# #.### #.#...@S.$....
.)###.#####.#...gg.....$
...............<........
..###.#####.............
..# #.....#.............
.<.######.#.............
...# #.#.............
...# ##.#.............
#+## ..#.#............


You could see 3 gnolls, an adder and a hobgoblin.

Vanquished Creatures
  Ijyb (D:3)
  3 gnolls (D:3)
  An adder (D:2)
  2 ball pythons
  4 bats
  An endoplasm (D:1)
  4 giant cockroaches
  2 goblins
  5 hobgoblins
  4 kobolds
  A quokka (D:1)
  3 frilled lizards
  2 rats (D:2)
33 creatures vanquished.

Notes
Turn   | Place    | Note
-------+----------+-------------------------------------------
     0 | D:1      | nightchill the Gargoyle Fighter began the quest for the
                  | Orb.
     0 | D:1      | Reached XP level 1. HP: 14/14 MP: 1/1
   176 | D:1      | Reached XP level 2. HP: 18/19 MP: 2/2
   875 | D:2      | Reached XP level 3. HP: 23/23 MP: 3/3
  1328 | D:3      | Noticed Ijyb
  1343 | D:3      | Killed Ijyb
  1344 | D:3      | Reached XP level 4. HP: 21/29 MP: 4/4
  1475 | D:3      | HP: 1/29 [gnoll/+0 spear (1)]
  1749 | D:3      | HP: 1/29 [gnoll/+0 halberd (5)]
  1750 | D:3      | Mangled by a gnoll

Illustrated notes

Levels and vault maps discovered:
D:1:      tarquinn_simple_flora_water_d, layout_basic
D:2:      layout_basic, minmay_door_square
D:3:      layout_basic, shapermc_ecumenical_altar_starsandcircs,
          gup_sewer_entry_bubbles, uniq_ijyb

Skill      XL: |  1  2  3  4 |
---------------+-------------+-----
Fighting       | 4 |  4.0
Shields        | 4 |  4.1
Armour         | 4 |  4.0
Maces & Flails | |  2.9

Action                   |  1- 3 |  4- 6 || total
-------------------------+-------+-------++-------
Melee: Flail             |    74 |    25 ||    99
  Use: Potion            |     1 |     4 ||     5
Armor: Scale mail        |    47 |    35 ||    82
Dodge: Dodged            |    30 |    44 ||    74
Block: Buckler           |    11 |    14 ||    25
